 Dungeon Crawl Stone Soup version 0.29.0-11-gd7f09526c8 (webtiles) character file.

Game seed: 6090772859169971777

3503 SnakkuSnakku7 the Spear-Bearer (level 10, -4/105 HPs)
             Began as a Human Delver on Sept 6, 2022.
             Was a Priest of Wu Jian.
             Slain by a vampire (6 damage)
             ... on level 8 of the Dungeon.
             The game lasted 00:10:03 (8231 turns).

SnakkuSnakku7 the Spear-Bearer (Human Delver)       Turns: 8231, Time: 00:10:04

Health: -4/105     AC:  7    Str: 17    XL:     10   Next: 28%
Magic:  10/10      EV: 12    Int: 11    God:    Wu Jian [***...]
Gold:   351        SH:  0    Dex: 14    Spells: 9/9 levels left

rFire   . . .      SeeInvis .   a - +0 spear (venom)
rCold   . . .      Faith    .   (no shield)
rNeg    + . .      Spirit   .   E - +3 leather armour {rN+}
rPois   .          Reflect  .   z - +0 helmet
rElec   .          Harm     .   (no cloak)
rCorr   .          Rampage  .   (no gloves)
Will    .....                   (no boots)
Stlth   ..........              (no amulet)
HPRegen 0.27/turn               (no ring)
MPRegen 0.12/turn               (no ring)

@: confused, berserking, very quick
A: no striking features
a: Renounce Religion, Wall Jump, Serpent's Lash


You were on level 8 of the Dungeon.
You worshipped Wu Jian.
Wu Jian was most pleased with you.
You visited 1 branch of the dungeon, and saw 8 of its levels.

You collected 351 gold pieces.

Inventory:

Hand Weapons
 a - a +0 spear of venom (weapon)
 b - a +0 trident
 F - a +0 glaive of chaos
Missiles
 q - 3 poisoned darts
 r - a throwing net (quivered)
 G - 5 curare-tipped darts
Armour
 o - a +0 ring mail
 p - a +0 scale mail
 s - a +0 chain mail
 t - a +0 hat of stealth
 z - a +0 helmet (worn)
 C - a +0 leather armour
 E - a +3 leather armour of positive energy (worn)
Wands
 g - a wand of digging (3)
 l - a wand of flame (21)
 m - a wand of polymorph (4)
Scrolls
 c - 2 scrolls of fog
 d - 2 scrolls of magic mapping
 h - a scroll of teleportation
 i - 3 scrolls of poison
 j - 3 scrolls of blinking
 v - 2 scrolls of vulnerability
Potions
 e - a potion of ambrosia {unknown}
 f - a potion of haste
 k - a potion of mutation
 n - a potion of resistance
 u - a potion of might


   Skills:
 - Level 3.0 Fighting
 + Level 14.0 Polearms
 - Level 2.0 Dodging
 - Level 5.0 Stealth


You had 9 spell levels left.
You didn't know any spells.
Your spell library contained the following spells:

 Spells                   Type           Power      Damage    Failure   Level
 Summon Small Mammal      Summ           0%         N/A       41%         1
 Call Canine Familiar     Summ           0%         N/A       78%         3
 Conjure Flame            Conj/Fire      0%         6-21      78%         3
 Ignite Poison            Fire/Tmut/Pois 0%         N/A       78%         3
 Summon Guardian Golem    Hex/Summ       0%         N/A       78%         3
 Sticky Flame             Conj/Fire      0%         2d3       99%         4


Dungeon Overview and Level Annotations

Branches:
Dungeon (8/15)             Temple (0/1) D:7
   Lair: D:8-11

Altars:
Dithmenos
Nemelex Xobeh
Okawaru
Trog
Wu Jian
Yredelemnul


Message History

The yak gores you!
* * * LOW HITPOINT WARNING * * *
You barely miss the yak.
The yak is heavily wounded.
You hit the yak but do no damage.
The yak looks as sick as possible!
The yak is heavily wounded.
The yak gores you.
* * * LOW HITPOINT WARNING * * *
You hit the yak.
The yak is severely wounded.
You hit the yak.
The yak looks as sick as possible!
The yak is almost dead.
The yak gores you.
* * * LOW HITPOINT WARNING * * *
You feel much better. The yak completely misses you.
You hit the yak.
You kill the yak!
The Council accepts your kill.
Your Polearms skill increases to level 14!
Things that are here:
a yak corpse; a yak corpse A wyvern comes into view.
You hear some strange, mumbled words.
You are confused.
Something hits you! Something bites you.
Something draws strength from your injuries!
You miss the wyvern. The wyvern bites you!
* * * LOW HITPOINT WARNING * * *
Something hits you.
* * * LOW HITPOINT WARNING * * *
Something bites you.
* * * LOW HITPOINT WARNING * * *
Something draws strength from your injuries!
It was a potion of berserk rage.
A red film seems to cover your vision as you go berserk!
You feel yourself moving faster!
You feel mighty! The wyvern barely misses you. Something hits you.
* * * LOW HITPOINT WARNING * * *
Something bites you.
You die...

# .... #. #..#
.##..#..#
........# #.##
#..# # ##<# #.
#l#
#..###@#####.#
#....†.......#
#).###.#####.#
.... ...# ...#
...... ..
#....### .
..#.## ...#.#
###.#.#


You could see a wyvern.

Vanquished Creatures
  3 yaks (D:8)
  Eustachio (D:5)
  Menkaure (D:4)
  2 water moccasins (D:6)
  A swamp drake (D:8)
  A sky beast (D:6)
  2 ice beasts
  3 black bears (D:6)
  2 orc warriors (D:6)
  An ogre (D:5)
  A necrophage (D:4)
  4 scorpions
  6 killer bees (D:7)
  A howler monkey (D:7)
  7 hounds
  5 jellies
  4 orc priests
  Jessica (D:3)
  Natasha (thrice) (D:3)
  7 iguanas
  8 orc wizards
  4 adders
  A shadow imp (D:7)
  A white imp (D:6)
  An ufetubus (D:6)
  4 worms
  4 dart slugs
  16 orcs
  7 bats
  9 endoplasms
  4 giant cockroaches
  6 goblins
  4 hobgoblins
  A quokka (D:5)
  5 ball pythons
  A frilled lizard (D:3)
  7 kobolds
  A rat (D:3)
140 creatures vanquished.

Notes
Turn   | Place    | Note
-------+----------+-------------------------------------------
     0 | D:5      | SnakkuSnakku7 the Human Delver began the quest for the Orb.
     0 | D:5      | Reached XP level 1. HP: 18/18 MP: 1/1
     2 | D:5      | Noticed an orc priest
   100 | D:3      | Found an ornate altar of the Wu Jian Council.
   100 | D:3      | Found an iron altar of Okawaru.
   101 | D:3      | Found a basalt altar of Yredelemnul.
   117 | D:3      | Became a worshipper of the Wu Jian Council
   215 | D:1      | Reached XP level 2. HP: 23/24 MP: 2/2
   305 | D:1      | Reached skill level 3 in Polearms
   570 | D:1      | Reached XP level 3. HP: 29/29 MP: 3/3
   841 | D:1      | Found a faded altar of an unknown god.
  1123 | D:2      | Reached * piety under Wu Jian
  1133 | D:2      | Reached skill level 4 in Polearms
  1133 | D:2      | Reached XP level 4. HP: 27/35 MP: 4/4
  1420 | D:2      | Reached XP level 5. HP: 37/41 MP: 5/5
  1886 | D:3      | Reached skill level 5 in Polearms
  1960 | D:3      | Noticed Jessica
  1969 | D:3      | Killed Jessica
  1980 | D:3      | Noticed Natasha
  2167 | D:3      | Killed Natasha
  2429 | D:3      | Reached XP level 6. HP: 33/47 MP: 6/6
  2536 | D:3      | Noticed Natasha
  2548 | D:3      | Killed Natasha
  2549 | D:3      | Reached skill level 6 in Polearms
  2551 | D:3      | Noticed Natasha
  2556 | D:3      | Killed Natasha
  2594 | D:4      | Found a shadowy altar of Dithmenos.
  2963 | D:4      | Reached skill level 7 in Polearms
  2963 | D:4      | Reached XP level 7. HP: 50/52 MP: 7/7
  3716 | D:5      | Noticed Menkaure
  3798 | D:5      | Reached ** piety under Wu Jian
  3881 | D:5      | Reached skill level 8 in Polearms
  3907 | D:5      | Noticed Eustachio
  4020 | D:5      | HP: 1/52 [ufetubus[Eustachio] (2)]
  4325 | D:5      | Killed Eustachio
  4326 | D:5      | Reached XP level 8. HP: 56/58 MP: 8/8
  4594 | D:3      | Reached skill level 9 in Polearms
  4644 | D:4      | Killed Menkaure
  5181 | D:6      | Reached skill level 10 in Polearms
  5611 | D:6      | Reached XP level 9. HP: 9/63 MP: 9/9
  6092 | D:6      | Reached skill level 11 in Polearms
  6127 | D:6      | Found a bloodstained altar of Trog.
  6522 | D:6      | Reached skill level 12 in Polearms
  7595 | D:7      | Reached *** piety under Wu Jian
  7623 | D:7      | Reached skill level 13 in Polearms
  7623 | D:7      | Reached XP level 10. HP: 58/70 MP: 10/10
  7844 | D:7      | Found a sparkling altar of Nemelex Xobeh.
  8076 | D:7      | Found a staircase to the Ecumenical Temple.
  8226 | D:8      | Reached skill level 14 in Polearms
  8230 | D:8      | HP: 2/70 [something (2)]
  8231 | D:8      | Slain by a vampire

Illustrated notes

Levels and vault maps discovered:
D:1:      wander_arrival_estate, layout_basic,
          ebering_ecumenical_altar_sacrificial
D:2:      layout_basic, minmay_door_square
D:3:      minmay_chambers_of_twos, layout_rooms,
          chequers_temple_overflow_statue_of_worship, uniq_jessica, uniq_natasha
D:4:      nicolae_cairo_tiling_large_dashed, layout_layer_cave,
          lemuel_crystal_altar
D:5:      layout_rooms, uniq_eustachio, uniq_menkaure
D:6:      lemuel_ice_spiral_2, layout_basic, trog_ov_bears_minmay,
          kennysheep_generic_room_5
D:7:      layout_rooms, mainiacjoe_overflow_boulevard,
          minmay_temple_entry_poolview
D:8:      layout_loops_ring, zin_scriptorium

Skill      XL: |  1  2  3  4  5  6  7  8  9 10 |
---------------+-------------------------------+-----
Polearms       | 3 4 5 7 8 10 13 14 | 14.0
Fighting       | |  3.0
Dodging        | |  2.0
Stealth        | |  5.0

Action                   |  1- 3 |  4- 6 |  7- 9 | 10-12 || total
-------------------------+-------+-------+-------+-------++-------
Melee: Spear             |    69 |   142 |   394 |    70 ||   675
       Punch             |     1 |     3 |     3 |       ||     7
       Trident           |       |    11 |    31 |     8 ||    50
       Unarmed           |       |       |     2 |       ||     2
Throw: Throwing net      |       |       |     1 |       ||     1
Invok: Lunge             |     4 |     5 |     1 |       ||    10
       Whirlwind         |       |     3 |     2 |       ||     5
Evoke: Wand              |       |       |       |     1 ||     1
  Use: Potion            |       |       |     5 |     2 ||     7
       Scroll            |       |       |    17 |       ||    17
 Stab: Sleeping          |     7 |       |     6 |       ||    13
       Distracted        |       |       |     2 |     1 ||     3
Armor: Leather armour    |     4 |       |    48 |    10 ||    62
       Ring mail         |     1 |       |       |       ||     1
       Chain mail        |    10 |    52 |    28 |       ||    90
       Scale mail        |     4 |       |       |       ||     4
       Skin              |       |       |     4 |       ||     4
Dodge: Dodged            |    21 |    29 |   118 |    21 ||   189
